 Dungeon Crawl Stone Soup version 0.24.0-123-gd5b16e6ec5 (webtiles) character file.

Game seed: 8928851477030057110, levelgen mode: deterministic

2594 glosham the Cleaver (level 9, -5/63 HPs)
             Began as a Mummy Abyssal Knight on Jan 3, 2020.
             Was a High Priest of Lugonu.
             Slain by an ogre
             ... wielding a +0 giant club
              (19 damage)
             ... on level 8 of the Dungeon.
             The game lasted 01:29:54 (5226 turns).

glosham the Cleaver (Mummy Abyssal Knight)          Turns: 5226, Time: 01:29:54

Health: -5/63      AC: 12    Str: 19    XL:     9   Next: 33%
Magic:  10/10      EV:  5    Int: 11    God:    Lugonu [*****.]
Gold:   435        SH:  0    Dex: 11    Spells: 8/8 levels left

rFire    x . .     SeeInvis .   a - +0 war axe
rCold    + . .     Gourm    .   (no shield)
rNeg     + + +     Faith    .   X - +0 plate armour {rPois}
rPois    ∞         Spirit   .   U - +0 hat
rElec    .         Reflect  .   Y - +0 cloak
rCorr    .         Harm     .   (no gloves)
MR       +....                  W - +0 pair of boots
Stlth    ..........             (no amulet)
HPRegen  0.20/turn              (no ring)
MPRegen  0.12/turn              F - ring of flight

@: no status effects
A: no food or potions, fire vulnerability, cold resistance 1, negative energy
resistance 3, torment resistance, unbreathing
a: Depart the Abyss, Bend Space, Banish, Corrupt, Enter the Abyss, Renounce
Religion, Evoke Flight


You were on level 8 of the Dungeon.
You worshipped Lugonu.
Lugonu was extremely pleased with you.
You were not hungry.

You visited 1 branch of the dungeon, and saw 8 of its levels.
You visited the Abyss 1 time.

You collected 435 gold pieces.

Inventory:

Hand Weapons
 a - a +0 war axe (weapon)
 b - a +2 hand axe of chopping
 c - a +2 shortbow of flaming
 d - a +0 flail
 q - a +3 quarterstaff of chaos
 r - a +1 hand axe
 t - a +0 trident
 u - a +0 spear
 z - a +0 hand crossbow
 B - a +0 halberd
 H - a +0 hunting sling
Missiles
 e - 201 stones
 f - 102 arrows
 i - 60 sling bullets
 j - 8 boomerangs
 s - 3 throwing nets
 y - 9 poisoned darts
 C - 6 javelins (quivered)
Armour
 w - a +3 leather armour of magic resistance
 A - a +3 scale mail
 U - a +0 hat (worn)
 W - a +0 pair of boots (worn)
 X - a +0 plate armour of poison resistance (worn)
 Y - a +0 cloak (worn)
 Z - a +0 buckler
Magical Staves
 x - an uncursed staff of summoning
Jewellery
 n - an uncursed ring of wizardry
 F - a ring of flight (right hand)
Wands
 g - a wand of digging (10)
 h - a wand of polymorph (10)
 o - a wand of iceblast (8)
 v - a wand of flame (8)
Scrolls
 k - 3 scrolls of teleportation
 l - 3 scrolls of blinking
 m - 2 scrolls of fog
 p - 2 scrolls of identify
 D - a scroll of enchant weapon
 E - a scroll of amnesia
 G - a scroll of immolation


   Skills:
 - Level 3.0 Fighting
 * Level 10.7 Axes
 - Level 1.5 Armour
 - Level 0.7 Dodging
 - Level 1.5 Invocations


You had 8 spell levels left.
You didn't know any spells.
Your spell library was empty.

Dungeon Overview and Level Annotations

Branches:
Dungeon (8/15)             Temple (0/1) D:7
   Lair: D:8-11

Altars:
Cheibriados
Makhleb
Okawaru
Sif Muna
Yredelemnul
Zin


Innate Abilities, Weirdness & Mutations

You do not eat or drink.
Your flesh is vulnerable to fire.
You are immune to poison.
Your flesh is cold resistant. (rC+)
You are immune to negative energy. (rN+++)
You are immune to unholy pain and torment.
You can survive without breathing.


Message History

The orc warrior hits you with a +0 mace.
You closely miss the orc warrior.
The orc warrior is almost dead.
The orc warrior hits you with a +0 mace.
Your plate armour prevents you from hitting the orc warrior.
The orc warrior is almost dead.
You slash the orc warrior!
You kill the orc warrior!
Lugonu accepts your kill.
An ogre comes into view. It is wielding a +0 giant club.
Things that are here:
a +0 mace; a +0 chain mail; an orc corpse Evoke which item? (* to show all) (? for menu, Esc to quit)
Okay, then.
Throwing (i - inventory. (/) - cycle)
C - 7 javelins
Press: ? - help, Shift-Dir - straight line, f - ogre
Aim: an ogre, wielding a +0 giant club (hasn't noticed you)
You throw a javelin. The ogre shouts!
The javelin pierces through the ogre.
The ogre is moderately wounded.
You closely miss the ogre.
The ogre is moderately wounded.
The ogre barely misses you.
You barely miss the ogre.
The ogre is moderately wounded.
The ogre hits you with a +0 giant club!!
You hit the ogre.
The ogre is moderately wounded.
The ogre barely misses you.
You barely miss the ogre.
The ogre is moderately wounded.
You slash the ogre!
The ogre is almost dead.
The ogre hits you with a +0 giant club.
* * * LOW HITPOINT WARNING * * *
You hit the ogre but do no damage.
The ogre is almost dead.
The ogre hits you with a +0 giant club!!
You die...

###
#############.####
#................#
#.##############.#
#.#. #†# #.#.#
#######)#.# #.#.#
##.....).#.#
#######.#.#
#.!.@O(..#<#
........#.#
#..####.####
#..####...###..#
##.####.#...#..#
##....#.#...)..#
###.#.#.#.).#..#
..........#.#.....
###..#..######...##
#.....# .....#


You could see an ogre.

Vanquished Creatures
  Grinder (D:6)
  Eustachio (D:6)
  Menkaure (D:4)
  A water moccasin (D:8)
  An orc warrior (D:8)
  A phantom (D:7)
  A centaur (D:8)
  A big kobold (D:5)
  3 bullfrogs
  2 scorpions
  2 howler monkeys
  4 crimson imps
  A bullfrog zombie (D:5)
  2 jellies
  A gnoll shaman (D:8)
  A centaur zombie (D:6)
  6 hounds
  3 centaur skeletons
  3 orc priests
  7 orc wizards
  6 worker ants
  A killer bee zombie (D:7)
  A hound zombie (D:7)
  2 hound skeletons
  A mummy (D:5)
  6 gnolls
  A river rat (D:4)
  10 adders
  2 shadow imps
  An ooze (D:3)
  An adder zombie (D:7)
  An adder skeleton (D:7)
  2 worms (D:2)
  2 dart slugs
  3 leopard geckos
  32 orcs
  3 giant cockroaches
  10 goblins
  6 hobgoblins
  13 kobolds
  4 quokkas
  4 bats
  3 frilled lizards
  11 rats
169 creatures vanquished.

Notes
Turn   | Place    | Note
-------+----------+-------------------------------------------
     0 | Abyss:1  | glosham the Mummy Abyssal Knight began the quest for the
                  | Orb.
     0 | Abyss:1  | Reached XP level 1. HP: 18/18 MP: 2/2
    28 | Abyss:2  | Found a corrupted altar of Lugonu.
    60 | Abyss:2  | Noticed an iron imp
    64 | Abyss:2  | Noticed a cacodemon
    76 | Abyss:3  | Noticed a blizzard demon
    76 | D:1      | Escaped the Abyss
   170 | D:1      | Reached skill level 2 in Axes
   339 | D:1      | Reached XP level 2. HP: 24/24 MP: 3/3
   377 | D:1      | Reached * piety under Lugonu
   763 | D:2      | Reached skill level 3 in Axes
   763 | D:2      | Reached XP level 3. HP: 24/29 MP: 4/4
   872 | D:2      | Found a burning altar of Makhleb.
   999 | D:2      | Reached XP level 4. HP: 14/35 MP: 5/5
  1052 | D:2      | Reached ** piety under Lugonu
  1316 | D:3      | Reached skill level 4 in Axes
  1414 | D:3      | Reached XP level 5. HP: 30/41 MP: 6/6
  1676 | D:3      | Reached skill level 5 in Axes
  1685 | D:3      | Found an iron altar of Okawaru.
  1712 | D:3      | Found a basalt altar of Yredelemnul.
  1769 | D:3      | Reached *** piety under Lugonu
  1769 | D:3      | Reached XP level 6. HP: 42/47 MP: 7/7
  2143 | D:4      | Reached skill level 6 in Axes
  2245 | D:4      | Reached XP level 7. HP: 48/52 MP: 8/8
  2325 | D:4      | Found a shimmering blue altar of Sif Muna.
  2408 | D:4      | Found a snail-covered altar of Cheibriados.
  2520 | D:4      | Noticed Menkaure
  2527 | D:4      | Killed Menkaure
  2527 | D:4      | Reached skill level 7 in Axes
  2711 | D:4      | Found a runed translucent door.
  2712 | D:4      | Noticed Crazy Yiuf
  2718 | D:4      | Noticed Crazy Yiuf
  2718 | D:4      | Crazy Yiuf changed into Crazy Yiuf the river rat
  2719 | D:4      | Killed Crazy Yiuf the river rat
  2772 | D:5      | Entered Level 5 of the Dungeon
  2886 | D:5      | You fall into a shaft and drop 2 floors!
  2901 | D:7      | Found a glowing silver altar of Zin.
  3071 | D:7      | Reached **** piety under Lugonu
  3150 | D:7      | Reached skill level 8 in Axes
  3150 | D:7      | Reached XP level 8. HP: 58/58 MP: 9/9
  3321 | D:6      | Noticed Eustachio
  3361 | D:6      | Killed Eustachio
  3810 | D:5      | Reached skill level 9 in Axes
  4127 | D:5      | Found a snail-covered altar of Cheibriados.
  4476 | D:6      | Noticed Grinder
  4513 | D:6      | Killed Grinder
  4750 | D:7      | Reached skill level 10 in Axes
  4750 | D:7      | Reached XP level 9. HP: 60/63 MP: 10/10
  4909 | D:7      | Found a staircase to the Ecumenical Temple.
  5148 | D:8      | Identified the cursed +2 falchion of Accidental Termination
                  | {flame, rElec rF+ Str-4}
  5212 | D:8      | Reached ***** piety under Lugonu
  5226 | D:8      | Slain by an ogre

Levels and vault maps discovered:
D:1:      dpeg_arrival_pits, layout_basic, hex_intersection,
          palyth_stone_intersect, minmay_statues_item, minmay_indecisive_spiral
D:2:      layout_basic, old_standard_altar, dk_noncrumbling_4
D:3:      layout_basic, lemuel_coloured_pillars_altar,
          yredelemnul_altar_generic, minmay_misc_feat_nine_boxes
D:4:      layout_loops_corners, marbit_many_paths, kennysheep_little_box,
          st_stairs_5, uniq_crazy_yiuf_cottage, uniq_menkaure
D:5:      layout_gridville, first_ration, chei_slow_surprise
D:6:      layout_basic, uniq_grinder, uniq_eustachio
D:7:      layout_loops_corners, nicolae_overflow_crystal_walls,
          minmay_temple_entry_slanted
D:8:      layout_basic, grunt_lair_entry_orc_guard_hut, uniq_gastronok,
          uniq_grum

Skill      XL: |  1  2  3  4  5  6  7  8 |
---------------+-------------------------+-----
Axes           | 2 3 4 5 6 8 10 | 10.7
Fighting       | |  3.0
Armour         | |  1.5
Dodging        | |  0.7
Invocations    | |  1.5

Action                   |  1- 3 |  4- 6 |  7- 9 || total
-------------------------+-------+-------+-------++-------
Melee: Hand axe          |   111 |   212 |   349 ||   672
       War axe           |       |       |   112 ||   112
 Fire: Hunting sling     |     7 |     3 |     3 ||    13
       Shortbow          |       |       |     1 ||     1
Throw: Throwing net      |       |       |     1 ||     1
       Javelin           |       |       |     1 ||     1
Invok: Depart the Abyss  |     1 |       |       ||     1
Evoke: Wand              |     1 |       |     7 ||     8
  Use: Scroll            |     5 |     3 |     6 ||    14
Armor: Plate armour      |    67 |   147 |   292 ||   506
Dodge: Dodged            |    15 |    38 |    97 ||   150

Table legend:
 A = Turns spent in this place as a percentage of turns spent in the entire game.
 B = Non-inter-level travel turns spent in this place as a percentage of non-inter-level travel turns spent in the entire game.
 C = Inter-level travel turns spent in this place as a percentage of turns spent in this place.
 D = Turns resting spent in this place as a percentage of non-inter-level travel turns spent in this place.
 E = Turns spent auto-exploring this place as a percentage of non-inter-level travel turns spent in this place.
 F = Non-inter-level travel turns spent in this place divided by the number of levels of this place that you've seen.
                   A       B       C       D       E      F
               +-------+-------+-------+-------+-------+----------------------
         Total | 100.0 | 100.0 |  11.3 |   0.2 |   0.0 | 421.4
       Dungeon |  98.5 |  98.4 |  11.5 |   0.2 |   0.0 | 569.9
         Abyss |   1.5 |   1.6 |   0.0 |   0.0 |   0.0 |  25.3
               +-------+-------+-------+-------+-------+----------------------

Table legend:
 A = Kills in this place as a percentage of kills in entire the game.
 B = Kills by you in this place as a percentage of kills by you in the entire game.
 C = Kills by friends in this place as a percentage of kills by friends in the entire game.
 D = Other kills in this place as a percentage of other kills in the entire game.
 E = Experience gained in this place as a percentage of experience gained in the entire game.
 F = Experience gained in this place divided by the number of levels of this place that you have seen.
                   A       B       C       D       E      F
               +-------+-------+-------+-------+-------+----------------------
         Total | 100.0 | 100.0 |   N/A |   N/A | 100.0 | 337.0
       Dungeon | 100.0 | 100.0 |   N/A |   N/A | 100.0 | 463.4
               +-------+-------+-------+-------+-------+----------------------

Levels and vault maps discovered:
D:1:      dpeg_arrival_pits, layout_basic, hex_intersection,
          palyth_stone_intersect, minmay_statues_item, minmay_indecisive_spiral
D:2:      layout_basic, old_standard_altar, dk_noncrumbling_4
D:3:      layout_basic, lemuel_coloured_pillars_altar,
          yredelemnul_altar_generic, minmay_misc_feat_nine_boxes
D:4:      layout_loops_corners, marbit_many_paths, kennysheep_little_box,
          st_stairs_5, uniq_crazy_yiuf_cottage, uniq_menkaure
D:5:      layout_gridville, first_ration, chei_slow_surprise
D:6:      layout_basic, uniq_grinder, uniq_eustachio
D:7:      layout_loops_corners, nicolae_overflow_crystal_walls,
          minmay_temple_entry_slanted
D:8:      layout_basic, grunt_lair_entry_orc_guard_hut, uniq_gastronok,
          uniq_grum
